 Dungeon Crawl Stone Soup version 0.29.1-13-g9f3cf754e1 (webtiles) character file.

Game seed: 279329843046052771

1840 Marwan the Chopper (level 8, -2/71 HPs)
             Began as a Red Draconian Fighter on Jan 19, 2023.
             Was a Priest of Ashenzari.
             Killed by an exploding wyvern (22 damage)
             ... ignited by their inner flame
             ... on level 8 of the Dungeon.
             The game lasted 00:28:08 (6741 turns).

Marwan the Chopper (Red Draconian Fighter)          Turns: 6741, Time: 00:28:09

Health: -2/71      AC:  9    Str: 19    XL:     8   Next: 87%
Magic:  13/13      EV: 13    Int: 17    God:    Ashenzari [***...]
Gold:   243        SH:  5    Dex: 10    Spells: 6/14 levels left

rFire   + . .      SeeInvis +   a - +0 war axe (elec)
rCold   . . .      Faith    .   b - +0 buckler "Share My Lethargy" {Melee, Self} (curse)
rNeg    . . .      Spirit   .   (body armour unavailable)
rPois   .          Reflect  .   (helmet restricted)
rElec   .          Harm     .   n - +2 cloak of the Esoteric Seeker {Fort, Evo} (curse)
rCorr   .          Rampage  .   (no gloves)
Will    .....      Clarity  +   (no boots)
Stlth   ++........              m - amulet of magic regeneration
HPRegen 0.21/turn               l - ring "Gaze Upon Infinity" {Wiz, Range, Fort} (curse)
MPRegen 0.53/turn               w - ring "Mantic Jealousy" {Int+6, Cun, Range} (curse)

@: short of breath, on blink cooldown
A: breathe fire, AC +6, unfitting armour, fire resistance 1, cold-blooded
a: Breathe Fire, Renounce Religion, Curse Item, Shatter the Chains


You were on level 8 of the Dungeon.
You worshipped Ashenzari.
Ashenzari was most pleased with you.
You visited 1 branch of the dungeon, and saw 8 of its levels.

You collected 404 gold pieces.
You spent 161 gold pieces at shops.

Inventory:

Hand Weapons
 a - a +0 war axe of electrocution (weapon)
Missiles
 o - 7 poisoned darts
 u - a boomerang (quivered)
Armour
 b - the cursed +0 buckler "Share My Lethargy" (worn) {Melee, Self}

   It has a curse which improves the following skills: Melee Combat: Short
   Blades, Long Blades, Axes, Maces & Flails, Polearms, Staves and Unarmed
   Combat.
   Introspection: Fighting and Spellcasting.
 n - the cursed +2 cloak of the Esoteric Seeker (worn) {Fort, Evo}
   (You found it on level 4 of the Dungeon)

   It has a curse which improves the following skills: Fortitude: Shields.
   Evocations: Evocations.
 y - a scarf of invisibility
Jewellery
 l - the cursed ring "Gaze Upon Infinity" (left hand) {Wiz, Range, Fort}
   (You found it on level 3 of the Dungeon)

   [ring of wizardry]

   It improves your spell success rate.
   It has a curse which improves the following skills: Ranged Combat: Ranged
   Weapons and Throwing.
   Fortitude: Shields.
 m - an amulet of magic regeneration (around neck)
 p - a ring of fire
 w - the cursed ring "Mantic Jealousy" (right hand) {Int+6, Cun, Range}
   (You found it on level 7 of the Dungeon)

   [ring of intelligence]

   Int:       It affects your intelligence (+6).
   It has a curse which improves the following skills: Cunning: Dodging and
   Stealth.
   Ranged Combat: Ranged Weapons and Throwing.
Wands
 v - a wand of mindburst (24)
Scrolls
 d - a scroll of amnesia
 f - a scroll of noise
 g - 5 scrolls of teleportation
 i - 2 scrolls of vulnerability
 q - a scroll of immolation
Potions
 c - a potion of might
 e - 2 potions of haste
 h - a potion of berserk rage
 j - 3 potions of curing
 k - 4 potions of attraction
 r - 2 potions of brilliance
 s - 2 potions of heal wounds
 t - 3 potions of resistance
 x - a potion of cancellation
 z - a potion of ambrosia


   Skills:
 * Level 5.1(6.7) Fighting
 * Level 6.3(8.0) Axes
 * Level 2.8(4.8) Throwing
 * Level 4.5(6.0) Dodging
 * Level 2.7(4.1) Stealth
 * Level 4.4(6.7) Shields
 + Level 0.1(0.3) Unarmed Combat
 * Level 2.3(3.6) Spellcasting
 * Level 1.5 Translocations
 * Level 2.3 Transmutations
 * Level 2.6 Poison Magic
 * Level 2.0(3.3) Evocations


You had 6 spell levels left.
You knew the following spells:

 Your Spells              Type           Power      Damage    Failure   Level
a - Beastly Appendage     Tmut           22%        N/A       3%          1
b - Wereblood             Tmut           11%        N/A       4%          2
c - Spider Form           Tmut/Pois      11%        N/A       9%          3
d - Blink                 Tloc           16%        N/A       7%          2

Your spell library contained the following spells:

 Spells                   Type           Power      Damage    Failure   Level
 Summon Guardian Golem    Hex/Summ       3%         N/A       26%         3
 Swiftness                Air            3%         N/A       26%         3
 Corpse Rot               Necr/Pois/Air  6%         N/A       47%         4
 Manifold Assault         Tloc           8%         N/A       73%         5
 Simulacrum               Ice/Necr       1%         N/A       100%        6
 Orb of Destruction       Conj           1%         9d5       100%        7
 Spellforged Servitor     Conj/Summ      1%         N/A       100%        7
 Storm Form               Tmut/Air       3%         N/A       100%        7


Dungeon Overview and Level Annotations

Branches:
Dungeon (8/15)             Temple (0/1) D:5
   Lair: D:8-11

Altars:
Ashenzari
Cheibriados
Trog
Xom

Shops:
D:1 ?


Innate Abilities, Weirdness & Mutations

You can breathe blasts of fire.
Your fiery red scales are hard. (AC +6)
You cannot fit into any form of body armour.
Your flesh is heat resistant. (rF+)
You are cold-blooded and may be slowed by cold attacks.


Message History

The fiery breath misses the orc.
The fiery breath hits the orc warrior.
Flame seeps out of the orc warrior.
The orc warrior is lightly wounded.
You block the wyvern's attack. The wyvern closely misses you.
The orc warrior is engulfed in blazing flames.
Flame seeps out of the orc warrior.
Unknown command.
Unknown command.
Okay, then.
Casting: Spider Form (dangerous; 9% risk of failure)
Confirm with . or Enter, or press ? or * to list all spells.
You blink.
Throw: boomerang
Press: ? - help, Q - select action, (/) - cycle Shift-Dir - straight line, f - wyvern
Aim: a wyvern (translocational energy, inner flame, 62% to hit)
You throw a boomerang. The boomerang hits the wyvern.
Flame seeps out of the wyvern.
The wyvern is lightly wounded.
Throw: boomerang
Press: ? - help, Q - select action, (/) - cycle Shift-Dir - straight line, f - orc, p - wyvern
Aim: an orc, wielding a +0 club and wearing a +0 ring mail (translocational energy, inner flame, 65% to hit)
You throw a boomerang. The boomerang closely misses the orc.
The wyvern barely misses you. The wyvern bites you.
Throw: boomerang
Press: ? - help, Q - select action, (/) - cycle Shift-Dir - straight line, f/p - orc
Aim: an orc, wielding a +0 club and wearing a +0 ring mail (inner flame, 65% to hit)
You throw a boomerang.
The boomerang hits the orc but does no damage.
The wyvern bites you. The orc attacks as you move away! The orc misses you.
The wyvern closely misses you. The wyvern barely misses you.
You slash the orc! You barely miss the wyvern.
The orc explodes!
The fiery explosion engulfs the wyvern!!!
The fiery explosion engulfs you!! You resist.
* * * LOW HITPOINT WARNING * * *
The fiery explosion engulfs the orc warrior!!
The orc warrior explodes!
The wyvern explodes!
The fiery explosion engulfs you!! You resist.
You die...

##..o ,, ~
#.#.o.#######**
* ,
#....o.......,
,, , ,, ,*, #o#
*###. ,, , #.#
.... , , * ,
###o#..###, , ,
##§§......# , *
, ,
,,,#§§#..#.#.#
* * * , ,
#@§..## #
.........#)#*
*,*,
...........# ,,
, ,,,,
............. ,
,
....).##..#.#.#
, * ......
..##.# # *
....## .# ., ,
, .### .#* *.
** , ,,


You could see an orc (inner flame).

Vanquished Creatures
  A wyvern (D:8)
  A water moccasin (D:6)
  2 black bears
  An orc warrior (D:8)
  2 ice beasts
  A sky beast (D:7)
  2 ogres (D:4)
  2 phantoms (D:6)
  A kobold brigand (D:7)
  2 bullfrogs
  4 wights (D:7)
  2 jellies
  4 hounds (D:6)
  5 iguanas
  An orc wizard (D:6)
  4 adders
  4 gnolls (D:5)
  3 white imps
  3 ufetubi
  2 worms (D:2)
  2 dart slugs
  6 orcs
  4 endoplasms
  5 giant cockroaches
  7 goblins
  9 hobgoblins
  7 jackals
  9 kobolds
  5 quokkas
  8 ball pythons
  7 bats
  2 frilled lizards (D:3)
  6 rats
124 creatures vanquished.

Notes
Turn   | Place    | Note
-------+----------+-------------------------------------------
     0 | D:1      | Marwan the Draconian Fighter began the quest for the Orb.
     0 | D:1      | Reached XP level 1. HP: 19/19 MP: 1/1
   199 | D:1      | Found Niggug's Magic Scroll Emporium.
   241 | D:1      | Bought a scroll of identify for 28 gold pieces
   316 | D:1      | Reached XP level 2. HP: 26/26 MP: 2/2
   642 | D:2      | Reached XP level 3. HP: 28/31 MP: 3/3
   695 | D:2      | Found a broken altar of Ashenzari.
   759 | D:2      | Became a worshipper of Ashenzari the Shackled
  1063 | D:2      | Found a faded altar of an unknown god.
  1614 | D:1      | Reached XP level 4. HP: 36/39 MP: 4/4
  1775 | D:3      | Found a shimmering altar of Xom.
  1819 | D:3      | Reached skill level 1 in Throwing
  1833 | D:3      | Got the Handbook of Floating Diablerie
  1847 | D:3      | Learned a level 1 spell: Beastly Appendage
  2029 | D:3      | Learned a level 2 spell: Wereblood
  2406 | D:3      | Found a snail-covered altar of Cheibriados.
  2689 | D:4      | Noticed an ogre
  2695 | D:4      | Killed an ogre
  2696 | D:4      | Reached skill level 3 in Axes
  2696 | D:4      | Reached skill level 1 in Stealth
  2696 | D:4      | Reached skill level 1 in Spellcasting
  2696 | D:4      | Reached XP level 5. HP: 33/46 MP: 6/6
  2750 | D:4      | Reached * piety under Ashenzari
  2824 | D:4      | Noticed an ogre
  2832 | D:4      | Killed an ogre
  2833 | D:4      | Reached skill level 1 in Transmutations
  3007 | D:1      | Bought a scroll of brand weapon for 133 gold pieces
  3104 | D:4      | Reached XP level 6. HP: 53/53 MP: 8/8
  3203 | D:4      | Learned a level 3 spell: Spider Form
  3620 | D:5      | Entered Level 5 of the Dungeon
  3677 | D:5      | Reached ** piety under Ashenzari
  3723 | D:5      | Found a staircase to the Ecumenical Temple.
  4062 | D:5      | Reached skill level 4 in Axes
  4121 | D:5      | Found a bloodstained altar of Trog.
  4164 | D:5      | Identified the cursed +2 cloak of the Esoteric Seeker
                  | {Fort, Evo} (You found it on level 4 of the Dungeon)
  4164 | D:5      | Identified the cursed +0 buckler "Share My Lethargy"
                  | {Melee, Self}
  4639 | D:5      | Your scales start taking on a fiery red colour.
  4639 | D:5      | Reached XP level 7. HP: 51/61 MP: 10/10
  4639 | D:5      | Gained mutation: Your flesh is heat resistant. (rF+) [Red
                  | Draconian growth]
  5005 | D:6      | Reached skill level 1 in Poison Magic
  5005 | D:6      | Reached skill level 1 in Evocations
  5019 | D:6      | Learned a level 2 spell: Blink
  5215 | D:6      | Reached skill level 5 in Axes
  5276 | D:6      | Reached XP level 8. HP: 46/70 MP: 10/12
  5281 | D:6      | Reached skill level 1 in Translocations
  5537 | D:7      | Reached *** piety under Ashenzari
  5971 | D:7      | Reached skill level 5 in Fighting
  5971 | D:7      | Reached skill level 6 in Axes
  6501 | D:8      | Noticed a kobold demonologist
  6741 | D:8      | Killed by an exploding wyvern... ignited by their inner
                  | flame

Illustrated notes

Levels and vault maps discovered:
D:1:      dpeg_arrival_connections, layout_loops_ring, serial_shops, shop
D:2:      layout_rooms, basic_altar, chequers_ecumenical_altar_twisty
D:3:      layout_basic, mainiacjoe_overflow_small_starburst, cheibriados_altar_1
D:4:      layout_loops_ring
D:5:      layout_basic, trog_hazing_becter,
          minmay_temple_entry_statues_fountains
D:6:      layout_rooms
D:7:      layout_gridville
D:8:      layout_rooms, kennysheep_little_box,
          nicolae_dithmenos_through_a_glass_darkly,
          mainiacjoe_overflow_cross_hatched, minmay_misc_feat_roman,
          kennysheep_generic_room_15

Skill      XL: |  1  2  3  4  5  6  7  8 |
---------------+-------------------------+-----
Dodging        | 3 4 |  4.5
Throwing       | 1 2 |  2.8
Axes           | 3 4 5 6 |  6.3
Stealth        | 1 2 |  2.7
Spellcasting   | 1 2 |  2.3
Transmutations | 1 2 |  2.3
Fighting       | 4 5 |  5.1
Poison Magic   | 1 2 |  2.6
Evocations     | 1 2 |  2.0
Shields        | 4 |  4.4
Translocations | 1 |  1.5
Unarmed Combat | |  0.1

Action                   |  1- 3 |  4- 6 |  7- 9 || total
-------------------------+-------+-------+-------++-------
Melee: War axe           |    94 |   125 |    71 ||   290
       Tailslap          |     8 |    12 |     8 ||    28
       Headbutt          |       |     1 |     1 ||     2
       Kick              |       |     1 |       ||     1
       Unarmed           |       |     2 |    10 ||    12
Throw: Dart              |    15 |    17 |     3 ||    35
       Boomerang         |       |       |    14 ||    14
 Cast: Beastly Appendage |       |     2 |     2 ||     4
       Spider Form       |       |     1 |     3 ||     4
       Wereblood         |       |       |     5 ||     5
       Blink             |       |       |     1 ||     1
Invok: Curse Item        |       |     3 |     1 ||     4
 Abil: Breathe Fire      |       |       |    22 ||    22
  Use: Scroll            |     2 |     6 |     1 ||     9
       Potion            |       |     1 |     2 ||     3
 Stab: Sleeping          |     1 |       |       ||     1
Armor: Skin              |    35 |    45 |    29 ||   109
Dodge: Dodged            |    69 |    94 |    85 ||   248
Block: Buckler           |    20 |    22 |    22 ||    64
